 Dungeon Crawl Stone Soup version 0.29-a0-876-gfc89b1a5bd (webtiles) character file.

Game seed: 16952675984939087449

125 zeratav the Stinger (level 5, -1/31 HPs)
             Began as an Octopode Venom Mage on July 19, 2022.
             Slain by a hell rat (19 damage)
             ... in a sewer.
             The game lasted 00:03:47 (2150 turns).

zeratav the Stinger (Octopode Venom Mage)           Turns: 2150, Time: 00:03:48

Health: -1/31      AC:  1    Str:  7    XL:     5   Next: 9%
Magic:  6/8        EV: 13    Int: 19    God:
Gold:   142        SH:  0    Dex: 19    Spells: 5/8 levels left

rFire   . . .      SeeInvis .   d - +0 dagger (protect) {short}
rCold   . . .      Faith    .   (no shield)
rNeg    + . .      Spirit   .   (helmet restricted)
rPois   .          Reflect  .   (no amulet)
rElec   .          Harm     .   a - ring of positive energy
rCorr   .          Rampage  .   k - +6 ring of dexterity
Will    .....                   (no ring)
Stlth   ++++......              (no ring)
HPRegen 0.10/turn               (no ring)
MPRegen 0.11/turn               (no ring)
                                (no ring)
                                (no ring)

@: no status effects
A: almost no armour, amphibious, 8 rings, camouflage 1, gelatinous body 1,
(nimble swimmer 1), tentacles
a: no special abilities


You were in a sewer.
You visited 1 branch of the dungeon, and saw 3 of its levels.
You also visited: Sewer.

You collected 142 gold pieces.


Innate Abilities, Weirdness & Mutations

You cannot wear most types of armour.
You are amphibious.
You can wear up to eight rings at the same time.
Your skin changes colour to match your surroundings (Stealth+).
Your rubbery body absorbs attacks. (AC +1, EV +1)
((You are camouflaged when in or above water. (Stealth+)))
You have tentacles for arms and can constrict up to eight enemies at once.


   Skills:
 - Level 2.0 Dodging
 - Level 5.0 Stealth
 - Level 2.0 Spellcasting
 - Level 1.0 Transmutations
 + Level 5.7 Poison Magic


You had 5 spell levels left.
You knew the following spells:

 Your Spells              Type           Power      Damage    Failure   Level
a - Sting                 Tmut/Pois      56%        1d5       4%          1
b - Poisonous Vapours     Pois/Air       24%        N/A       8%          2

Your spell library contained the following spells:

 Spells                   Type           Power      Damage    Failure   Level
 Olgreb's Toxic Radiance  Pois           23%        N/A       16%         4
 Ignite Poison            Fire/Tmut/Pois 10%        N/A       21%         3
 Mephitic Cloud           Conj/Pois/Air  9%         N/A       22%         3
 Conjure Flame            Conj/Fire      1%         6-21      45%         3
 Sticky Flame             Conj/Fire      1%         2d3       86%         4

Inventory:

Hand Weapons
 d - a +0 dagger of protection (weapon) {short}
   (You took it off a goblin on level 1 of the Dungeon)
 p - a +3 short sword {short}
   (You took it off a kobold on level 3 of the Dungeon)
Jewellery
 a - a ring of positive energy (left tentacle)
   (You found it on level 1 of the Dungeon)
 k - a +6 ring of dexterity (right tentacle)
   (You found it on level 2 of the Dungeon)
Wands
 o - a wand of flame (17)
   (You found it on level 3 of the Dungeon)
Scrolls
 b - 4 scrolls of identify {unknown}
 f - 2 scrolls of fog {unknown}
 h - a scroll of immolation {unknown}
 i - a scroll of enchant weapon {unknown}
 j - a scroll of teleportation {unknown}
 l - a scroll of noise {unknown}
 m - a scroll of blinking {unknown}
Potions
 c - 2 potions of lignification {unknown}
 e - a potion of curing {unknown}
 g - a potion of invisibility {unknown}
 n - a potion of mutation {unknown}

Dungeon Overview and Level Annotations

Branches:
Dungeon (3/15) Zot: 16025   Sewer (1/1) Zot: 5827

Altars:
Hepliaklqana
Wu Jian

Shops:
D:1 [ D:2

: ###≈≈.†≈.≈.≈.†###
#.≈.†.##'##.≈.≈≈#
##.≈.###≈≈.###...##
#≈.≈## ≈≈r≈≈≈##≈≈≈#
#≈≈≈# ≈≈≈≈≈≈≈≈#≈.≈#
#..≈##≈B!!??≈##≈≈≈#
##≈≈≈###b∩!###.≈≈##
#...≈≈#####..≈≈.#
###≈≈≈..r@..≈.###
###≈..∩.≈≈###
#########


You could see a hell rat (poisoned).


Message History

No target in view!
No target in view!
No target in view!
No target in view!
No target in view!
No target in view!
An adder comes into view.
HP[+6]
You regained 6 hp, and now have 25/27 hp.
The adder hisses angrily.
You hit the adder.
Your weapon exudes an aura of protection.
You grab the adder. You squeeze the adder. You constrict the adder.
You hit the adder. You constrict the adder.
The adder bites you but does no damage.
You barely miss the adder. You constrict the adder.
You kill the adder!
You have reached level 5!
You feel agile.
HP[+4] MP[+1]
You now have 31 max hp (+4).
You regained 4 hp, and now have 29/31 hp.
Your mp is fully restored (8).
You see here a river rat corpse.
You open the door.
A giant cockroach, a bat, a frilled lizard and a hell rat come into view.
Found six items.
Found a gate leading back out of this place.
HP[+2]
Your hp is fully restored (31).
Okay, then.
You close the door.
You see here a river rat corpse.
Memorise Poisonous Vapours, consuming 2 spell levels and leaving 5?
You start memorising the spell.
You continue memorising. x2
You finish memorising.
Spell assigned to 'b'.
You open the door.
The hell rat roars deafeningly!
The frilled lizard hisses angrily.
The bat closely misses you.
You closely miss the bat. Your grab misses the bat.
The bat hits you but does no damage.
Casting: Sting (safe; 4% risk of failure)
Confirm with . or Enter, or press ? or * to list all spells.
Aiming: Poisonous Vapours (safe; 8% risk of failure)
Press: ? - help, Dir - move target, f - hell rat
Aim: a hell rat Poisonous vapours surround the hell rat!
The hell rat is poisoned.
The bat barely misses you. The frilled lizard closely misses you.
MP[-2]
You lost 2 mp, and now have 6/8 mp.
The bat closely misses you.
You see here a river rat corpse.
The bat closely misses you.
You hit the bat.
Your weapon exudes an aura of protection.
You grab the bat. You constrict the bat.
You kill the bat!
You hit the frilled lizard. Your grab misses the frilled lizard.
The hell rat looks more healthy.
The frilled lizard barely misses you.
You closely miss the frilled lizard. You grab the frilled lizard.
You constrict the frilled lizard.
You kill the frilled lizard!
You hit the hell rat but do no damage. Your grab misses the hell rat.
MP[+1]
You hit the hell rat but do no damage. You grab the hell rat.
You constrict the hell rat, but do no damage.
The hell rat barely misses you. The hell rat misses you.
You hit the hell rat but do no damage.
You tentacle-slap the hell rat, but do no damage.
You squeeze the hell rat.
You constrict the hell rat, but do no damage.
The hell rat splashes around in the water.
You hit the hell rat but do no damage. You constrict the hell rat.
The hell rat bites you!
HP[-14]
You take 14 damage, and now have 17/31 hp.
MASSIVE DAMAGE!! (PAUSE)
You barely miss the hell rat.
You squeeze the hell rat, but do no damage.
You constrict the hell rat, but do no damage.
The hell rat splashes around in the water.
You release your grip on the hell rat.
HP[+1] MP[+1]
Your mp is fully restored (8).
Casting: Poisonous Vapours (safe; 8% risk of failure)
Confirm with . or Enter, or press ? or * to list all spells.
Aiming: Poisonous Vapours (safe; 8% risk of failure)
Press: ? - help, Dir - move target, f/p - hell rat
Aim: a hell rat (severely wounded) Poisonous vapours surround the hell rat!
The hell rat is poisoned.
MP[-2]
You lost 2 mp, and now have 6/8 mp.
There is a gate leading back out of this place here.
The hell rat attacks as you move away! The hell rat barely misses you.
The hell rat attacks as you move away! The hell rat bites you!!
Ouch! That really hurt!
You die...

Skill      XL: |  1  2  3  4 |
---------------+-------------+-----
Stealth        | 3 4 5 |  5.0
Poison Magic   | 4 5 |  5.7
Dodging        | |  2.0
Spellcasting   | |  2.0
Transmutations | |  1.0

Action                   |  1- 3 |  4- 6 || total
-------------------------+-------+-------++-------
Melee: Dagger            |    47 |    61 ||   108
       Constrict         |    12 |    14 ||    26
       Tentacles         |    11 |    15 ||    26
       Punch             |       |     1 ||     1
 Cast: Sting             |    11 |       ||    11
       Poisonous Vapours |       |     2 ||     2
  Use: Potion            |     1 |       ||     1
 Stab: Sleeping          |    11 |    14 ||    25
       Distracted        |     1 |       ||     1
Armor: Skin              |    11 |     8 ||    19
Dodge: Dodged            |    27 |    29 ||    56

Levels and vault maps discovered:
D:1:      minmay_arrival_jagged, layout_basic, serial_shops,
          nicolae_shop_temple_entry_statues_fountains, minmay_misc_feat_pillars
D:2:      layout_rooms, chequers_ecumenical_altar_island, serial_shops, shop,
          basic_altar, minmay_heptomino_l4
D:3:      layout_basic, general_overflow_altar,
          mainiacjoe_overflow_six_doors_small, portal_sewer_entry_f, uniq_ijyb,
          uniq_robin
Sewer:    sewer_hellmonk_bad_rat

Notes
Turn   | Place    | Note
-------+----------+-------------------------------------------
     0 | D:1      | zeratav the Octopode Venom Mage began the quest for the
                  | Orb.
     0 | D:1      | Reached XP level 1. HP: 11/11 MP: 3/3
     0 | D:1      | magus.rc [v1.9.6]
     3 | D:1      | You add the spells Conjure Flame, Ignite Poison and Sticky
                  | Flame to your library.
   130 | D:1      | Reached skill level 3 in Stealth
   130 | D:1      | Reached skill level 4 in Poison Magic
   130 | D:1      | Reached XP level 2. HP: 9/17 MP: 1/5
   622 | D:1      | Found Avetiqul's Armour Shoppe.
   637 | D:1      | Reached XP level 3. HP: 21/21 MP: 6/6
   936 | D:1      | Reached skill level 4 in Stealth
  1289 | D:2      | Found a faded altar of an unknown god.
  1354 | D:2      | Reached XP level 4. HP: 18/27 MP: 7/7
  1499 | D:2      | Found Koem's Book Shoppe.
  1578 | D:2      | Reached skill level 5 in Poison Magic
  1744 | D:2      | Found an ornate altar of the Wu Jian Council.
  1897 | D:3      | Reached skill level 5 in Stealth
  1929 | D:3      | Found a hazy altar of Hepliaklqana.
  1955 | D:3      | Found a glowing drain.
  1977 | Sewer    | Entered a sewer
  2086 | Sewer    | Reached XP level 5. HP: 29/31 MP: 8/8
  2123 | Sewer    | Learned a level 2 spell: Poisonous Vapours
  2150 | Sewer    | Slain by a hell rat

Vanquished Creatures
  A gnoll (D:1)
  4 adders
  2 river rats (Sewer)
  A worm (D:2)
  A dart slug (D:2)
  8 bats
  2 endoplasms (D:1)
  6 giant cockroaches
  4 goblins
  3 hobgoblins (D:2)
  5 kobolds
  5 quokkas
  2 ball pythons
  5 frilled lizards
  11 rats
60 creatures vanquished.

Table legend:
 A = Non-vault XP
 B = Vault XP
 C = Vault XP percentage of total XP
 D = Non-vault monster count
 E = Vault monster count
 F = Vault count percentage of total count
                 A         B        C        D         E       F
            +---------+---------+-------+---------+---------+-------
      Total |     130 |      49 |  27.4 |      45 |      15 |  25.0
            +---------+---------+-------+---------+---------+-------
        D:1 |      42 |       0 |   0.0 |      18 |       0 |   0.0
        D:2 |      69 |       9 |  11.5 |      22 |       4 |  15.4
        D:3 |       3 |      10 |  76.9 |       2 |       5 |  71.4
      Sewer |      16 |      30 |  65.2 |       3 |       6 |  66.7
            +---------+---------+-------+---------+---------+-------

Illustrated notes

Table legend:
 A = Kills in this place as a percentage of kills in entire the game.
 B = Kills by you in this place as a percentage of kills by you in the entire game.
 C = Kills by friends in this place as a percentage of kills by friends in the entire game.
 D = Other kills in this place as a percentage of other kills in the entire game.
 E = Experience gained in this place as a percentage of experience gained in the entire game.
 F = Experience gained in this place divided by the number of levels of this place that you have seen.
                   A       B       C       D       E      F
               +-------+-------+-------+-------+-------+----------------------
         Total | 100.0 | 100.0 |   N/A |   N/A | 100.0 |  44.8
       Dungeon |  85.0 |  85.0 |   N/A |   N/A |  74.3 |  44.3
         Sewer |  15.0 |  15.0 |   N/A |   N/A |  25.7 |  46.0
               +-------+-------+-------+-------+-------+----------------------

Table legend: (Time is in decaauts)
 A = Elapsed time spent in this place.
 B = Non-inter-level travel time spent in this place.
 C = Inter-level travel time spent in this place.
 D = Time resting spent in this place.
 E = Time spent auto-exploring this place.
 F = Levels seen in this place.
 G = Mean time per level.
                   A        B        C        D        E       F      G
               +--------+--------+--------+--------+--------+-----+--------+
         Total |   2147 |   2093 |     54 |    162 |   1509 |   4 |  536.8 |
       Dungeon |   1974 |   1920 |     54 |    162 |   1404 |   3 |  658.0 |
         Sewer |    172 |    172 |      0 |      0 |    105 |   1 |  172.0 |
               +--------+--------+--------+--------+--------+-----+--------+

Top non-repeatable levels by time:
     D:1: 1055 daAuts
     D:2: 808 daAuts
   Sewer: 172 daAuts
     D:3: 110 daAuts
